AoeStats
← _vishi_

Fortress

510083389Analyzed
4v4 RM · 1d ago on Sep 29, 2026· 40m 59s· 8 players
Game mode
Random Map
Map size
Huge
Population
200
Speed
Normal
Resources
Standard
Victory
Conquest
Starting age
Dark Age
Ending age
Imperial Age
RankedLock teamsTeams togetherTeam positionsShared explorationLock speedFull tech treeHidden civsTurbo modeCheats
Victory
Defeat
🇩🇪 Celts · Germany
1368
+14
🇮🇳 Hindustanis · India
1363
+14
🇨🇳 Japanese · China
1315
+16
🇻🇳 Spanish · Vietnam
1314
+16
🇳🇱 Franks · Netherlands
1331
-16
🇩🇪 Wu · Germany
1322
-15
🇨🇭 Persians · Switzerland
1318
-15
🇮🇪 Saxons · Ireland
1305
-14
CheekyChuKoNu
7:50 Feudal Age
8:47 Double-Bit Axe
11:36 Castle Age
12:16 Wheelbarrow
12:36 Bow Saw
21:11 Loom
22:24 Hand Cart
21:54 Town Watch
22:45 Gold Mining
26:10 Imperial Age
23:49 Scale Barding Armor
24:21 Husbandry
26:55 Gold Shaft Mining
26:13 Stone Mining
27:02 Chain Barding Armor
26:22 Cavalier
27:39 Conscription
27:38 Forging
28:07 Town Patrol
29:01 Paladin
31:28 Plate Barding Armor
31:33 Iron Casting
33:04 Fletching
34:06 Bodkin Arrow
35:13 Blast Furnace
34:40 Chivalry
35:18 Hoardings
Ludo
7:30 Feudal Age
11:27 Castle Age
9:54 Double-Bit Axe
10:01 Horse Collar
10:10 Loom
12:11 Bow Saw
12:43 Heavy Plow
13:55 Wheelbarrow
22:05 Hand Cart
22:01 Scale Barding Armor
23:10 Chain Barding Armor
23:08 Gold Mining
27:43 Imperial Age
25:18 Husbandry
25:42 Town Watch
26:10 Forging
26:42 Bloodlines
27:17 Gold Shaft Mining
26:35 Stone Mining
27:31 Iron Casting
27:23 Cavalier
28:40 Plate Barding Armor
29:02 Crop Rotation
29:34 Two-Man Saw
30:06 Blast Furnace
28:56 Savar
32:43 Conscription
35:10 Stone Shaft Mining
36:04 Caravan
36:40 Scale Mail Armor
37:49 Squires
37:35 Arson
37:52 Pikeman
38:17 Light Cavalry
Lexi ní Anord
7:46 Feudal Age
8:44 Double-Bit Axe
9:11 Horse Collar
13:18 Castle Age
13:42 Wheelbarrow
15:53 Bow Saw
15:49 Loom
16:11 Heavy Plow
16:41 Town Watch
17:36 Hand Cart
21:55 Fortified Wall
22:08 Stone Mining
22:10 Gold Mining
22:23 Scale Mail Armor
26:54 Imperial Age
25:29 Chain Mail Armor
25:16 Squires
25:02 Arson
25:03 Gambesons
25:12 Crossbowman
25:43 Fletching
26:44 Bodkin Arrow
27:04 Thumb Ring
28:19 Plate Mail Armor
28:16 Conscription
28:20 Elite Varangian Guard
29:12 Shield Wall
29:36 Capped Ram
31:40 Forging
31:42 Siege Ram
33:27 Iron Casting
35:55 Siege Engineers
35:48 Pikeman
36:45 Bracer
36:52 Halberdier
38:06 Caravan
Finn4n
7:24 Feudal Age
10:56 Castle Age
9:12 Double-Bit Axe
9:20 Horse Collar
11:19 Fletching
14:13 Loom
15:42 Bow Saw
19:21 Wheelbarrow
18:46 Bodkin Arrow
19:41 Padded Archer Armor
21:05 Red Cliffs Tactics
21:01 Gold Mining
22:40 Gold Shaft Mining
22:35 Ballistics
23:48 Leather Archer Armor
25:38 Town Watch
26:38 Hand Cart
29:38 Imperial Age
28:34 Pikeman
29:00 Arson
29:16 Squires
29:27 Forging
29:17 Scale Mail Armor
29:24 Heavy Plow
31:40 Bracer
31:56 Chain Mail Armor
32:16 Iron Casting
31:59 Elite Fire Archer
34:28 Plate Mail Armor
34:34 Iron Casting
34:30 Conscription
35:32 Masonry
36:46 Architecture
39:14 Blast Furnace
39:58 Two-Man Saw
39:55 Elite Skirmisher
_vishi_
8:00 Feudal Age
11:46 Castle Age
9:35 Double-Bit Axe
10:12 Horse Collar
11:40 Wheelbarrow
19:56 Bow Saw
20:37 Loom
24:31 Imperial Age
22:14 Heavy Plow
22:54 Hand Cart
23:42 Forging
23:38 Scale Barding Armor
23:45 Gold Mining
24:28 Bloodlines
24:19 Husbandry
24:43 Heavy Camel Rider
25:45 Chain Barding Armor
26:50 Two-Man Saw
26:28 Conscription
27:19 Imperial Camel Rider
28:46 Iron Casting
30:53 Blast Furnace
30:34 Ballistics
32:42 Plate Barding Armor
34:08 Padded Archer Armor
34:56 Fletching
35:21 Leather Archer Armor
40:58 Siege Elephant
Thronx
6:57 Feudal Age
10:37 Castle Age
8:57 Double-Bit Axe
9:50 Horse Collar
11:24 Heavy Plow
13:16 Loom
17:30 Bow Saw
19:05 Wheelbarrow
18:33 Gold Mining
20:07 Hand Cart
23:53 Gold Shaft Mining
26:20 Imperial Age
23:32 Pikeman
24:05 Town Watch
25:19 Scale Mail Armor
25:30 Forging
26:26 Onager
27:15 Siege Engineers
28:33 Masonry
29:05 Fortified Wall
28:39 Halberdier
30:25 Capped Ram
31:51 Chain Mail Armor
31:37 Siege Ram
34:10 Furor Celtica
34:24 Heavy Scorpion
35:50 Elite Woad Raider
37:08 Plate Mail Armor
38:28 Arson
39:22 Iron Casting
38:50 Stone Mining
41:53 Blast Furnace
630406632
8:07 Feudal Age
9:40 Double-Bit Axe
12:10 Castle Age
10:01 Horse Collar
13:12 Bow Saw
16:30 Wheelbarrow
19:08 Loom
20:37 Stone Mining
21:12 Gold Mining
24:39 Imperial Age
22:33 Hand Cart
22:32 Fletching
23:03 Heavy Plow
24:01 Gold Shaft Mining
23:48 Yasama
24:55 Bodkin Arrow
26:28 Two-Man Saw
25:14 Pikeman
25:55 Squires
25:49 Guard Tower
26:50 Conscription
27:13 Kataparuto
28:22 Chemistry
27:41 Bracer
28:25 Scale Mail Armor
28:37 Forging
28:30 Arson
28:06 Halberdier
28:34 Gambesons
30:07 Keep
29:18 Arrowslits
29:54 Ballistics
29:41 Town Watch
29:45 Man-at-Arms
30:10 Arson
30:56 Chain Mail Armor
31:19 Iron Casting
31:09 Long Swordsman
31:32 Elite Samurai
32:44 Plate Mail Armor
32:31 Two-Handed Swordsman
37:26 Masonry
37:22 Treadmill Crane
37:50 Champion
Chut Pro
7:33 Feudal Age
6:02 Loom
11:07 Castle Age
9:09 Horse Collar
9:49 Double-Bit Axe
11:52 Wheelbarrow
23:57 Hand Cart
26:16 Imperial Age
24:08 Hand Cart
24:38 Padded Archer Armor
24:52 Bloodlines
24:42 Husbandry
24:41 Gold Mining
25:58 Leather Archer Armor
27:43 Ring Archer Armor
26:35 Elite Conquistador
27:42 Conscription
28:03 Ballistics
27:43 Stone Mining
29:01 Siphons
32:33 Chemistry
32:12 Bow Saw
32:12 Scale Barding Armor
32:18 Forging
40:09 Chain Barding Armor
40:25 Iron Casting
39:40 Fletching
39:51 Scale Mail Armor
41:07 Sappers
Connection lost

Rejoining the realm…

Still unreachable

The connection could not be restored.

Session expired

The server has moved on; the page needs a fresh start.